 Seeded DCSS version 0.29-a0-559-g359e09b9d1 (webtiles) character file.

Game seed: 5357271211870574807 (custom seed)

2870 cheechan the Covert (level 9, -1/51 HPs)
             Began as an Octopode Fire Elementalist on June 9, 2022.
             Was a Follower of the Shining One.
             Slain by a yak (2 damage)
             ... on level 8 of the Dungeon.
             The game lasted 00:28:15 (7840 turns).

cheechan the Covert (Octopode Fire Elementalist)    Turns: 7840, Time: 00:28:16

Health: -1/51      AC:  1    Str:  7    XL:     9   Next: 76%
Magic:  17/17      EV: 16    Int: 25    God:    the Shining One [*.....]
Gold:   298        SH:  0    Dex: 15    Spells: 5/19 levels left

rFire   + . .      SeeInvis .   t - +4 falchion (holy)
rCold   x . .      Faith    .   (no shield)
rNeg    . . .      Spirit   .   (helmet restricted)
rPois   .          Reflect  .   u - amulet of magic regeneration
rElec   .          Harm     .   d - ring of fire
rCorr   .          Rampage  .   f - ring of fire
Will    .....                   i - +6 ring of intelligence
Stlth   ++........              n - ring of ice
HPRegen 0.17/turn               (no ring)
MPRegen 0.55/turn               (no ring)
                                (no ring)
                                (no ring)

@: about to teleport, glowing
A: almost no armour, amphibious, 8 rings, camouflage 1, gelatinous body 1,
(nimble swimmer 1), tentacles
a: Renounce Religion, Divine Shield


You were on level 8 of the Dungeon.
You worshipped the Shining One.
The Shining One was aware of your devotion.
You visited 2 branches of the dungeon, and saw 9 of its levels.
You also visited: Sewer.

You collected 298 gold pieces.

Inventory:

Hand Weapons
 c - the +4 mace of Eternal Vigilance {vorpal, Drain rElec rF+++ Str-3}
   (You found it on level 2 of the Dungeon)

   It inflicts extra damage upon your enemies.
   Str:       It affects your strength (-3).
   rF:        It renders you almost immune to fire.
   rElec:     It insulates you from electricity.
   Drain:     It drains your maximum health when unequipped.
 t - a +4 falchion of holy wrath (weapon)
 y - a +4 falchion of freezing
Missiles
 e - 5 poisoned darts
 l - 2 javelins
 r - a throwing net
Jewellery
 d - a ring of fire (left tentacle)
 f - a ring of fire (right tentacle)
 i - a +6 ring of intelligence (on tentacle)
 n - a ring of ice (on tentacle)
 u - an amulet of magic regeneration (around mantle)
 A - an amulet of guardian spirit
Wands
 h - a wand of digging (3)
 C - a wand of flame (28)
Scrolls
 b - 2 scrolls of enchant armour
 o - a scroll of magic mapping
 s - 3 scrolls of teleportation
 v - a scroll of poison {unknown}
Potions
 a - a potion of magic
 g - a potion of heal wounds {unknown}
 j - 3 potions of brilliance
 k - a potion of resistance
 m - 2 potions of lignification
 p - a potion of invisibility {unknown}
 q - 4 potions of curing
 w - 2 potions of berserk rage
 x - a potion of flight {unknown}
 z - 3 potions of ambrosia
 B - a potion of mutation {unknown}


   Skills:
 + Level 6.2 Dodging
 + Level 8.8 Stealth
 + Level 5.6 Spellcasting
 + Level 5.8 Conjurations
 + Level 6.6 Fire Magic


You had 5 spell levels left.
You knew the following spells:

 Your Spells              Type           Power      Damage    Failure   Level
a - Scorch                Fire           100%       2d10      1%          2
b - Foxfire               Conj/Fire      100%       2x1d9     1%          1
c - Flame Wave            Conj/Fire      72%        2d13      6%          4
d - Inner Flame           Hex/Fire       52%        N/A       6%          3
e - Call Imp              Summ           7%         N/A       12%         2
f - Passwall              Tmut/Erth      5%         N/A       12%         2

Your spell library contained the following spells:

 Spells                   Type           Power      Damage    Failure   Level
 Magic Dart               Conj           100%       1d8       1%          1
 Conjure Flame            Conj/Fire      72%        6-21      1%          3
 Stone Arrow              Conj/Erth      42%        3d9       7%          3
 Beastly Appendage        Tmut           14%        N/A       8%          1
 Sandblast                Erth           14%        2d6       8%          1
 Mephitic Cloud           Conj/Pois/Air  16%        N/A       11%         3
 Sublimation of Blood     Necr           7%         N/A       12%         2
 Wereblood                Tmut           7%         N/A       12%         2
 Call Canine Familiar     Summ           7%         N/A       24%         3
 Portal Projectile        Hex/Tloc       14%        N/A       24%         3
 Spider Form              Tmut/Pois      7%         N/A       24%         3
 Leda's Liquefaction      Hex/Erth       3%         N/A       61%         4
 Summon Hydra             Summ           3%         N/A       100%        7


Dungeon Overview and Level Annotations

Branches:
Dungeon (8/15)             Temple (1/1) D:6           Sewer (visited)
   Lair: D:8-11

Altars:
Ashenzari
Kikubaaqudgha
Nemelex Xobeh
Ru
Vehumet
Wu Jian
Xom
Yredelemnul
The Shining One

Shops:
D:6 !!*(   D:7 :

Annotations:
D:5 3 runed translucent doors, zeratav's ghost, weakling MiDe
D:7 AlmostDecent's ghost, novice GnEE


Innate Abilities, Weirdness & Mutations

You cannot wear most types of armour.
You are amphibious.
You can wear up to eight rings at the same time.
Your skin changes colour to match your surroundings (Stealth+).
Your rubbery body absorbs attacks. (AC +1, EV +1)
((You are camouflaged when in or above water. (Stealth+)))
You have tentacles for arms and can constrict up to eight enemies at once.


Message History

Confirm with . or Enter, or press ? or * to list all spells.
You feel a strong surge of power!
Flames lash the howler monkey.
The howler monkey is severely wounded.
The howler monkey's fire resistance burns away.
The yak snorts and paws the ground.
Casting: Scorch (safe; 1% risk of failure)
Confirm with . or Enter, or press ? or * to list all spells.
You feel a strong surge of power!
Flames lash the howler monkey.
The howler monkey is burned terribly!
You kill the howler monkey!
You hear a bellow!
A yak comes into view.
The yak gores you. The yak completely misses you.
You climb upwards.
Level annotation: AlmostDecent's ghost, novice GnEE
There is a stone staircase leading down here.
Casting: Scorch (safe; 1% risk of failure)
Confirm with . or Enter, or press ? or * to list all spells.
You feel a strong surge of power!
Flames lash the yak.
The yak is burned terribly!
You kill the yak!
You start resting.
Magic restored.
You start resting.
HP restored.
You climb downwards.
The yak gores you but does no damage. The yak barely misses you.
The yak gores you!
There is a stone staircase leading up, spattered with blood here.
Unknown command.
As you read the scroll of teleportation, it crumbles to dust.
You feel strangely unstable. The yak misses you. The yak gores you! x2
* * * LOW HITPOINT WARNING * * *
Okay, then.
The yak attacks as you move away! The yak closely misses you.
The yak attacks as you move away! The yak gores you!
* * * LOW HITPOINT WARNING * * *
An orc comes into view.
It is wielding a +2 dagger of electrocution.
The yak attacks as you move away! The yak gores you.
You die...

..............#
....(..........
....!......$...
.............?.
...............
....Y..<.......
.......Y.......
.#.....YY......
#....Y@.......
#.............#
#..#...........
#..#...........
...............
..............
...............
........o......


You could see 5 yaks and an orc.

Vanquished Creatures
  Pikel (D:7)
  Grinder (D:3)
  Sigmund (D:2)
  A yak (D:7)
  Eustachio (D:6)
  Menkaure (D:6)
  A water moccasin (D:7)
  2 ice beasts
  A sky beast (D:6)
  2 black bears
  3 lemures
  A phantom (D:6)
  3 bullfrogs (D:7)
  A necrophage (D:5)
  4 wights (D:6)
  A howler monkey (D:8)
  3 jellies
  Crazy Yiuf (D:2)
  4 iguanas
  Terence (D:2)
  An orc wizard (D:5)
  11 adders
  5 river rats (Sewer)
  2 white imps (D:6)
  An ufetubus (D:6)
  4 dart slugs
  13 orcs
  6 ball pythons
  A bat (D:2)
  9 endoplasms
  4 giant cockroaches
  4 goblins
  6 hobgoblins
  11 jackals
  6 quokkas
  5 frilled lizards
  4 kobolds
  12 rats
139 creatures vanquished.

Vanquished Creatures (collateral kills)
  A foxfire (D:1)
1 creature vanquished.

Vanquished Creatures (others)
  114 foxfires
  3 fungi (D:8)
117 creatures vanquished.

Grand Total: 257 creatures vanquished

Notes
Turn   | Place    | Note
-------+----------+-------------------------------------------
     0 | D:1      | cheechan the Octopode Fire Elementalist began the quest for
                  | the Orb.
     0 | D:1      | Reached XP level 1. HP: 11/11 MP: 3/3
    27 | D:1      | Found a faded altar of an unknown god.
   414 | D:1      | Reached XP level 2. HP: 17/17 MP: 1/5
   418 | D:1      | Reached skill level 3 in Stealth
   519 | D:1      | Learned a level 2 spell: Scorch
   926 | D:2      | Noticed Sigmund
   937 | D:2      | Killed Sigmund
   938 | D:2      | Reached skill level 4 in Stealth
   938 | D:2      | Reached XP level 3. HP: 17/21 MP: 1/7
   938 | D:2      | Reached XP level 4. HP: 22/27 MP: 1/8
   938 | D:2      | Reached XP level 5. HP: 25/31 MP: 1/9
  1346 | D:2      | Noticed Terence
  1353 | D:2      | Killed Terence
  1354 | D:2      | Reached XP level 6. HP: 36/36 MP: 0/10
  1357 | D:2      | You fall into a shaft and drop 2 floors!
  1701 | D:3      | Noticed Grinder
  1710 | D:3      | Killed Grinder
  1711 | D:3      | Reached skill level 5 in Stealth
  1711 | D:3      | Reached XP level 7. HP: 41/41 MP: 2/12
  2019 | D:3      | Learned a level 4 spell: Flame Wave
  2023 | D:3      | Learned a level 3 spell: Inner Flame
  2381 | D:2      | Found a runed translucent door.
  2382 | D:2      | Noticed Crazy Yiuf
  2387 | D:2      | Killed Crazy Yiuf
  2392 | D:2      | Identified the +4 mace of Eternal Vigilance {vorpal, Drain
                  | rElec rF+++ Str-3}
  2693 | D:4      | Learned a level 2 spell: Call Imp
  2747 | D:4      | Found a radiant altar of Vehumet.
  2771 | D:4      | HP: 2/41 [poisoned by an adder]
  3105 | D:4      | Found an ornate altar of the Wu Jian Council.
  3531 | D:5      | Entered Level 5 of the Dungeon
  3858 | D:5      | Found a glowing drain.
  3869 | Sewer    | Entered a sewer
  4003 | Sewer    | Reached skill level 6 in Stealth
  4139 | D:5      | Reached XP level 8. HP: 46/46 MP: 9/14
  4220 | D:5      | Learned a level 2 spell: Passwall
  4227 | D:5      | Reached skill level 5 in Fire Magic
  4780 | D:5      | Identified the +5 ring mail of Inonocro {MP+9 Str-4 SInv
                  | Stlth+}
  4965 | D:5      | Found a runed translucent gate.
  4965 | D:5      | Found a runed translucent gate.
  4965 | D:5      | Found a runed translucent gate.
  4966 | D:5      | Noticed zeratav's ghost (weakling MiDe)
  5584 | D:6      | Noticed Eustachio
  5692 | D:6      | Killed Eustachio
  5693 | D:6      | Reached skill level 5 in Dodging
  5693 | D:6      | Reached skill level 7 in Stealth
  5792 | D:6      | Found Emmuper's Distillery.
  5803 | D:6      | Noticed Menkaure
  5804 | D:6      | Noticed Pikel
  6228 | D:6      | Killed Menkaure
  6229 | D:6      | Reached XP level 9. HP: 44/51 MP: 8/16
  6260 | D:7      | Killed Pikel
  6261 | D:7      | Reached skill level 8 in Stealth
  6261 | D:7      | Reached skill level 5 in Spellcasting
  6261 | D:7      | Reached skill level 5 in Conjurations
  6297 | D:6      | Found Nualuil's Distillery.
  6349 | D:6      | Found Molag's Weapon Boutique.
  6441 | D:6      | Found a staircase to the Ecumenical Temple.
  6447 | Temple   | Entered the Ecumenical Temple
  6490 | Temple   | Became a worshipper of the Shining One
  6607 | D:6      | Found Keihar Vosm's General Store.
  6898 | D:7      | Noticed a komodo dragon
  7058 | D:7      | Noticed AlmostDecent's ghost (novice GnEE)
  7061 | D:7      | Reached * piety under the Shining One
  7640 | D:7      | Found Vifaon's Book Shop.
  7839 | D:8      | HP: 1/51 [yak (7)]
  7840 | D:8      | Slain by a yak

Illustrated notes

Levels and vault maps discovered:
D:1:      onia_arrival_handbag, layout_basic, serial_forest,
          infiniplex_forest_clump_curved, infiniplex_forest_clump_small,
          infiniplex_forest_lined_room_, infiniplex_forest_lined_3,
          infiniplex_forest_straight_4, infiniplex_forest_diagonal,
          infiniplex_forest_end_2, hellmonk_ecumenical_altar_dog_temple
D:2:      layout_rooms, grunt_decor_cap, uniq_terence, uniq_crazy_yiuf_cottage,
          uniq_sigmund
D:3:      minmay_door_path, layout_loops_corners, uniq_grinder
D:4:      layout_basic, mainiacjoe_overflow_two_lobes, minivault_27
D:5:      layout_basic, portal_sewer_entry_f, ebering_ghost_rock_garden
D:6:      minmay_inner_zag, layout_loops_ring, minmay_temple_entry_hall,
          serial_shops, kennysheep_mini_moat,
          nicolae_shop_competitors_out_of_business, shop,
          nicolae_shop_bloodbath_and_beyond, uniq_eustachio, uniq_menkaure,
          uniq_pikel
D:7:      mumra_celtic_spiral_tile, layout_loops_cross, serial_shops,
          nicolae_take_the_stairs, gammafunk_ghost_icy, minivault_24
D:8:      layout_cave_pools, nicolae_hepliaklqana_hazy_memory,
          due_lair_maze_entry_diamond
Temple:   eino_temple_scatter_basement

Skill      XL: |  1  2  3  4  5  6  7  8  9 |
---------------+----------------------------+-----
Stealth        | 4 5 6 7 8 |  8.8
Dodging        | 3 4 5 6 |  6.2
Conjurations   | 2 3 4 5 |  5.8
Spellcasting   | 3 4 5 |  5.6
Fire Magic     | 4 5 6 |  6.6

Action                   |  1- 3 |  4- 6 |  7- 9 || total
-------------------------+-------+-------+-------++-------
Melee: Club              |     9 |       |       ||     9
       Constrict         |     2 |     1 |    10 ||    13
       Tentacles         |     2 |       |    14 ||    16
       Scythe            |       |     9 |    10 ||    19
       Mace              |       |       |    50 ||    50
       Punch             |       |       |     2 ||     2
       Falchion          |       |       |     2 ||     2
 Cast: Foxfire           |    17 |    27 |    28 ||    72
       Scorch            |     1 |     9 |   107 ||   117
       Call Imp          |       |       |     4 ||     4
       Passwall          |       |       |     1 ||     1
  Use: Scroll            |       |       |    18 ||    18
       Potion            |       |       |     2 ||     2
 Stab: Sleeping          |     1 |     3 |     6 ||    10
Armor: Skin              |     1 |       |     9 ||    10
Dodge: Dodged            |    16 |     8 |    95 ||   119

Table legend: (Time is in decaauts)
 A = Elapsed time spent in this place.
 B = Non-inter-level travel time spent in this place.
 C = Inter-level travel time spent in this place.
 D = Time resting spent in this place.
 E = Time spent auto-exploring this place.
 F = Levels seen in this place.
 G = Mean time per level.
                   A        B        C        D        E       F      G
               +--------+--------+--------+--------+--------+-----+--------+
         Total |   7860 |   7860 |      0 |   1964 |      0 |  10 |  786.0 |
       Dungeon |   7497 |   7497 |      0 |   1964 |      0 |   8 |  937.1 |
        Temple |     90 |     90 |      0 |      0 |      0 |   1 |   90.0 |
         Sewer |    272 |    272 |      0 |      0 |      0 |   1 |  272.0 |
               +--------+--------+--------+--------+--------+-----+--------+

Top non-repeatable levels by time:
     D:5: 1721 daAuts
     D:7: 1132 daAuts
     D:6: 1077 daAuts
     D:3: 980 daAuts
     D:1: 921 daAuts
     D:4: 882 daAuts
     D:2: 769 daAuts
   Sewer: 272 daAuts
  Temple: 90 daAuts
     D:8: 13 daAuts
